woodfighter, chaotic male orcish Barbarian 2 # ## U # #%### # ###### ### ### -.- #|*.... #....<| ------ woodfighter the Barbarian Experience level: 10 Strength: 18/02 Dexterity: 17 Constitution: 19 Intelligence: 7 Wisdom: 7 Charisma: 9 Health: 0(105) Energy: 10(10) Def: 17 Gold: 637 Moves: 13907 Dungeon seed [set]: Game ID: woodfighter_1679169569 Your Inventory: Coins $ - 637 gold pieces Amulets b - an uncursed amulet of reflection (being worn) Weapons a - an uncursed rusty corroded +0 two-handed sword (weapon in hands) j - 5 uncursed +0 daggers (in quiver) V - an uncursed +0 elven dagger X - an uncursed +0 silver dagger Armor n - an uncursed +0 pair of speed boots (being worn) r - an uncursed +0 dwarvish cloak (being worn) L - an uncursed +0 dwarvish iron helm (being worn) O - an uncursed +0 dwarvish mithril-coat (being worn) Comestibles c - 6 uncursed food rations i - an uncursed eucalyptus leaf Z - an uncursed lizard corpse Scrolls P - an uncursed scroll of identify R - an uncursed scroll of earth Potions U - an uncursed potion of extra healing Rings k - an uncursed ring of warning (on left hand) x - a blessed +6 ring of protection (on right hand) N - a cursed +1 ring of protection Wands d - an uncursed wand of digging (0:3) f - an uncursed wand of lightning (0:7) Tools m - an uncursed magic lamp q - an uncursed -1 unicorn horn t - an uncursed +0 pick-axe (alternate weapon; not wielded) y - an uncursed iron key I - an uncursed +0 unicorn horn Q - an uncursed magic whistle W - an uncursed blindfold Gems e - an uncursed luckstone z - an uncursed worthless piece of orange glass Spells and supernatural/magical abilities: Name Level Category Fail Memory W - pray for help -- divine ? -- Your skills at the end: Miscellaneous Skills bare handed combat [Basic] stealth [Basic] Weapon Skills dagger [Basic] axe [Basic] two-handed sword [Basic] Spellcasting Skills Final Attributes: You were piously aligned. You were fire resistant. You were cold resistant. You were sleep resistant. You were poison resistant. You were telepathic. You were warned. You had infravision. You were invisible. You were somewhat stealthy. You were protected. You were very fast. You had reflection. You were lucky. You had extra luck. Bad luck did not time out for you. Good luck did not time out for you. You are dead. Vanquished creatures: a clay golem 2 vampires a ghost 2 giant mimics a doppelganger 2 large mimics a long worm a stalker a fire elemental a water elemental a giant zombie 3 quantum mechanics 5 small mimics a xan 4 ettin mummies a pyrolisk a large dog a flaming sphere 2 tengu a crocodile 2 leocrottas a human mummy 2 Grey-elves 2 wraiths an ettin zombie a leather golem 3 giant beetles 2 cockatrices 7 wolves 3 winter wolf cubs a black light a leprechaun a lizard a mountain nymph 2 giant spiders a scorpion a forest centaur 8 gnome kings a piranha 2 dwarf mummies a brown pudding 2 rust monsters 2 owlbears a gold golem 2 dogs a dingo 2 jaguars 3 dwarf lords a blue jelly 2 white unicorns 2 dust vortices a plains centaur a gnome mummy 9 Woodland-elves 4 soldier ants 4 fire ants 3 yellow lights 25 bugbears a wood nymph a Mordor orc an Uruk-hai an orc shaman 5 rock piercers a shrieker 2 violet fungi 19 gnome lords 4 gnomish wizards 2 jellyfish 3 kobold mummies a black naga hatchling 4 elf zombies 5 straw golems 2 paper golems 3 giant ants a puppy 4 floating eyes a kitten 16 dwarves 3 kobold lords 5 kobold shamans 6 iguanas 2 hill orcs 6 rothes a centipede 3 jitterbugs 3 giant bats a monkey 2 orc zombies 2 dwarf zombies 3 wererats a werejackal 5 killer bees 6 coyotes a gas spore 8 hobbits 4 acid blobs 6 large kobolds 9 geckos 27 hobgoblins 7 giant rats 4 cave spiders 2 brown molds 5 yellow molds 3 green molds 5 red molds 59 gnomes 4 garter snakes 3 gnome zombies 12 jackals 5 foxes 5 kobolds 14 newts 5 goblins 7 sewer rats 14 grid bugs 4 bats 9 lichens 4 kobold zombies 494 creatures vanquished. Voluntary challenges: You did not cause conflict. You were not displaced. You had been an atheist until turn 3179. You donated to a temple 1 time (receiving 2 points of protection), starting on turn 10660. You received temple protection 1 time, starting on turn 10660. You used a wielded weapon 926 times, starting on turn 34. You did not use plumbed fixtures. You did not drink any magical draughts. You read items or engraved 5 times, starting on turn 758. You never genocided any monsters. You never polymorphed an object. You never changed form. You completed Sokoban on turn 5846, according to the rules. You used no wishes. You did not use any artifacts. You never split a pudding. You never wrote Elbereth's name. You never violated your personal moral code. You enabled loading special bones files. Dungeon overview: The Dungeons of Doom: levels 1 to 18 Level 1 a long staircase Level 2 a scroll shop stairs to The Gnomish Mines Level 3 a vault, a potion shop, a fountain, a sink Level 4 some fountains Level 5 (water + throne) a vault, a throne Level 6 a scroll shop Level 7 many fountains Level 8 a sink stairs to Sokoban Level 9 a throne Level 10 an altar to Set, some fountains Level 11 a vault Level 12 an altar to Set, a fountain Level 13 an altar to Crom, some fountains, a throne Level 14 a general store, an altar to Mitra, a fountain portal to The Quest Level 15 (rogue) Level 16 a temple to Mitra, a fountain Level 17 a temple to Mitra, some fountains Level 18 <- You were here The Gnomish Mines: levels 3 to 10 Level 3 stairs to The Dungeons of Doom Level 4 Level 5 many shops, a temple to Mitra, a magic chest, some trees Level 6 Level 7 Level 8 Level 9 Level 10 a magic chest, some fountains The Quest: Level 1 portal to The Dungeons of Doom Sokoban: levels 4 to 7 Level 4 a magic chest Level 5 Level 6 Level 7 an altar to Set, a magic chest stairs to The Dungeons of Doom History has recorded: On T:1 you entered the Dungeons of Doom to retrieve the Amulet of Yendor! On T:217 you reached level 2 of The Dungeons of Doom. On T:278 you reached level 3 of The Dungeons of Doom. On T:368 you reached level 1 of The Gnomish Mines. On T:421 you advanced to experience level 2. On T:637 you advanced to experience level 3. On T:701 you reached level 4 of The Dungeons of Doom. On T:1184 you advanced to experience level 4. On T:1364 you reached level 5 of The Dungeons of Doom. On T:1726 you reached level 6 of The Dungeons of Doom. On T:2102 you advanced to experience level 5. On T:2141 you reached level 7 of The Dungeons of Doom. On T:2678 you reached level 8 of The Dungeons of Doom. On T:2738 you advanced to experience level 6. On T:2854 you reached level 4 of Sokoban. On T:2884 you reached level 9 of The Dungeons of Doom. On T:3175 you opened a magic chest. On T:3640 you reached level 3 of Sokoban. On T:4368 you reached level 2 of Sokoban. On T:5218 you advanced to experience level 7. On T:5272 you reached level 1 of Sokoban. On T:5846 you advanced to experience level 8. On T:5846 you entered the Sokoban zoo. On T:6276 you reached level 2 of The Gnomish Mines. On T:7105 you reached level 3 of The Gnomish Mines. On T:7404 you reached level 4 of The Gnomish Mines. On T:7525 you entered the Minetown temple On T:8124 you reached level 5 of The Gnomish Mines. On T:8254 you advanced to experience level 9. On T:8408 you reached level 6 of The Gnomish Mines. On T:9053 you reached level 7 of The Gnomish Mines. On T:9263 you reached level 8 of The Gnomish Mines. On T:9263 you reached the bottom of the Mines. On T:9267 you prayed to Set. On T:11216 you advanced to experience level 8. On T:11429 you reached level 10 of The Dungeons of Doom. On T:11639 you reached level 11 of The Dungeons of Doom. On T:11968 you reached level 12 of The Dungeons of Doom. On T:12071 you advanced to experience level 9. On T:12234 you reached level 13 of The Dungeons of Doom. On T:12382 you reached level 14 of The Dungeons of Doom. On T:12832 you reached level 15 of The Dungeons of Doom. On T:12832 you entered the Rogue tribute level. On T:12989 you reached level 1 of The Quest. On T:13147 you reached level 16 of The Dungeons of Doom. On T:13499 you reached level 17 of The Dungeons of Doom. On T:13501 you advanced to experience level 10. On T:13725 you reached level 18 of The Dungeons of Doom. Score breakdown: Gold: 637 ( 63 points) Experience: 10 levels ( 900 points) Exploration: 18 levels ( 510 points) Discoveries: 29 items ( 1450 points) Variety of kills: 118 monsters ( 2000 points) Major goal: Sokoban/Mines ( 1500 points) Survival: died (score multiplied by 3) Total score: 19269 Latest messages: The Woodland-elf jabs you! Your iron two-handed sword sears the Woodland-elf's flesh! You kill the Woodland-elf! You see here a partly eaten stalker corpse. You resume your meal. You finish eating the stalker corpse. Gee! All of a sudden, you can't see yourself. Nothing seems to happen. You feel a bit steadier now. Nothing happens. There are several objects here. V - an elven dagger. c - an uncursed food ration. You smite the dire bear! The dire bear mauls you! (2x) The dire bear bites! You smite the dire bear! The dire bear mauls you! The dire bear misses. The dire bear bites! You smite the dire bear! The dire bear misses. The dire bear mauls you! You die... Final status: Goodbye woodfighter the Barbarian, killed by a dire bear... You died in The Dungeons of Doom on dungeon level 18 with 19269 points, and 637 pieces of gold, after 13907 moves. You were level 10 with a maximum of 105 hit points when you died.